 Dungeon Crawl Stone Soup version 0.29-a0-732-g3d7fbe0af2 (webtiles) character file.

Game seed: 14104618227078733618

80 crusatyr the Chopper (level 4, -2/39 HPs)
             Began as a Hill Orc Monk on June 29, 2022.
             Succumbed to a water moccasin's poison
             ... on level 3 of the Dungeon.
             The game lasted 00:02:29 (2109 turns).

crusatyr the Chopper (Hill Orc Monk)                Turns: 2109, Time: 00:02:30

Health: -2/39      AC: 11    Str: 15    XL:     4   Next: 39%
Magic:  4/4        EV:  6    Int: 10    God:
Gold:   162        SH:  0    Dex: 13    Spells: 3/3 levels left

rFire   . . .      SeeInvis +   a - +0 hand axe
rCold   . . .      Faith    .   (no shield)
rNeg    + . .      Spirit   .   t - +0 chain mail
rPois   .          Reflect  .   u - +0 helmet
rElec   .          Harm     .   (no cloak)
rCorr   .          Rampage  .   g - +0 pair of gloves
Will    .....                   r - +0 pair of boots
Stlth   ..........              h - amulet of regeneration
HPRegen 0.93/turn               p - ring of see invisible
MPRegen 0.09/turn               q - ring of positive energy

@: lethally poisoned (-2 -> -21)
A: no striking features
a: no special abilities


You were on level 3 of the Dungeon.
You visited 1 branch of the dungeon, and saw 3 of its levels.

You collected 162 gold pieces.

Inventory:

Hand Weapons
 a - a +0 hand axe (weapon)
 s - a +0 flail
Armour
 g - a +0 pair of gloves (worn)
 n - a +0 plate armour
 r - a +0 pair of boots (worn)
 t - a +0 chain mail (worn)
 u - a +0 helmet (worn)
Jewellery
 h - an amulet of regeneration (around neck)
 p - a ring of see invisible (left hand)
 q - a ring of positive energy (right hand)
Wands
 o - a wand of charming (10)
Scrolls
 f - a scroll of fog {unknown}
 i - 3 scrolls of identify {unknown}
 j - a scroll of noise {unknown}
Potions
 b - 2 potions of curing {unknown}
 c - a potion of ambrosia
 d - a potion of brilliance {unknown}
 e - a potion of haste {unknown}
 k - a potion of heal wounds {unknown}
 l - a potion of mutation {unknown}
 m - a potion of cancellation {unknown}


   Skills:
 - Level 3.6 Fighting
 + Level 6.7 Axes
 - Level 2.4 Dodging
 - Level 1.5 Stealth


You had 3 spell levels left.
You didn't know any spells.
Your spell library was empty.

Dungeon Overview and Level Annotations

Branches:
Dungeon (3/15)

Altars:
Zin


Message History

The endoplasm attacks as you move away!
The endoplasm hits you but does no damage.
You hit the endoplasm.
The endoplasm is heavily wounded.
The endoplasm hits you but does no damage.
You hit the endoplasm but do no damage.
The endoplasm is heavily wounded.
The endoplasm hits you.
You slash the endoplasm!
You kill the endoplasm!
You barely miss the water moccasin.
The water moccasin is lightly wounded.
The water moccasin bites you. x2
You are poisoned.
The water moccasin poisons you!
You closely miss the water moccasin.
The water moccasin is lightly wounded.
You feel very sick.
The water moccasin bites you but does no damage.
You barely miss the water moccasin.
The water moccasin is lightly wounded.
You feel very sick. The water moccasin bites you.
You are more poisoned.
The water moccasin poisons you!
You closely miss the water moccasin.
The water moccasin is lightly wounded.
You feel very sick. The water moccasin bites you. x2
* * * LOW HITPOINT WARNING * * *
You are more poisoned.
The water moccasin poisons you!
You closely miss the water moccasin.
The water moccasin is lightly wounded.
* * * LOW HITPOINT WARNING * * *
You feel extremely sick.
The water moccasin bites you but does no damage.
You hit the water moccasin but do no damage.
The water moccasin is lightly wounded.
You die...

#....?#### #.....#..
###.....#.####
..+..........
#.#...)...###...
#.#.............
#.#....#.######
#.######.#
############.#.@S...#
.............#.######
.......<..............
#########....#.#######
#.####.# #......#
########


You could see a water moccasin.

Vanquished Creatures
  Robin (D:2)
  A dart slug (D:2)
  4 orcs (D:2)
  2 ball pythons (D:1)
  8 bats
  8 endoplasms
  12 goblins
  6 hobgoblins
  2 jackals (D:2)
  3 kobolds
  3 frilled lizards (D:1)
  5 rats
55 creatures vanquished.

Notes
Turn   | Place    | Note
-------+----------+-------------------------------------------
     0 | D:1      | crusatyr the Hill Orc Monk began the quest for the Orb.
     0 | D:1      | Reached XP level 1. HP: 19/19 MP: 1/1
   159 | D:1      | Reached XP level 2. HP: 22/26 MP: 2/2
   292 | D:1      | Reached skill level 5 in Axes
   507 | D:1      | Found a faded altar of an unknown god.
   810 | D:1      | Reached XP level 3. HP: 30/31 MP: 3/3
   936 | D:2      | Noticed Robin
   946 | D:2      | Killed Robin
   947 | D:2      | Reached skill level 6 in Axes
  1280 | D:2      | Reached XP level 4. HP: 27/39 MP: 4/4
  1427 | D:2      | Found a glowing silver altar of Zin.
  2089 | D:3      | Noticed a water moccasin
  2109 | D:3      | Succumbed to a water moccasin's poison

Illustrated notes

Levels and vault maps discovered:
D:1:      elethiomel_arrival_infinity_welcomes_careful_drivers, layout_rooms,
          shapermc_ecumenical_altar_mp_highgroup
D:2:      layout_loops_ring, basic_altar, uniq_robin
D:3:      layout_basic, marbit_many_paths, nicolae_tso_besieged_by_evil,
          serial_shops, shop, kennysheep_donut, uniq_ijyb, uniq_grinder,
          uniq_jessica

Skill      XL: |  1  2  3 |
---------------+----------+-----
Axes           | 5 6 |  6.7
Fighting       | |  3.6
Dodging        | |  2.4
Stealth        | |  1.5

Action                   |  1- 3 |  4- 6 || total
-------------------------+-------+-------++-------
Melee: Hand axe          |   105 |    57 ||   162
 Stab: Sleeping          |     1 |       ||     1
Armor: Scale mail        |    48 |    14 ||    62
       Robe              |     1 |       ||     1
       Chain mail        |       |    29 ||    29
Dodge: Dodged            |    46 |    18 ||    64

Table legend: (Time is in decaauts)
 A = Elapsed time spent in this place.
 B = Non-inter-level travel time spent in this place.
 C = Inter-level travel time spent in this place.
 D = Time resting spent in this place.
 E = Time spent auto-exploring this place.
 F = Levels seen in this place.
 G = Mean time per level.
                   A        B        C        D        E       F      G
               +--------+--------+--------+--------+--------+-----+--------+
         Total |   2109 |   2009 |    100 |    120 |   1481 |   3 |  703.0 |
       Dungeon |   2109 |   2009 |    100 |    120 |   1481 |   3 |  703.0 |
               +--------+--------+--------+--------+--------+-----+--------+

Top non-repeatable levels by time:
     D:2: 1217 daAuts
     D:1: 846 daAuts
     D:3: 45 daAuts
